 Dungeon Crawl Stone Soup version 0.31-a0-1027-gfb7600b (webtiles) character file.

Game seed: 9056397022766212465

247 PurpleRed the Slasher (level 5, -12/32 HPs)
             Began as a Deep Elf Fighter on Nov 18, 2023.
             Was a Follower of Cheibriados.
             Mangled by an ogre
             ... wielding a +0 giant club
              (22 damage)
             ... on level 5 of the Dungeon.
             The game lasted 00:07:28 (3762 turns).

PurpleRed the Slasher (Deep Elf Fighter)            Turns: 3762, Time: 00:07:29

Health: -12/32     AC: 15    Str: 17    XL:     5   Next: 85%
Magic:  7/7        EV: 16    Int: 11    God:    Cheibriados [*.....]
Gold:   164        SH:  6    Dex: 22    Spells: 4/4 levels left

rFire   . . .        a - +1 long sword
rCold   . . .        c - +0 buckler
rNeg    . . .        s - +5 ring mail of Death's Door {Drain Str+2 Int-4 Dex+4}
rPois   .            h - +1 helmet
rElec   .            n - +0 cloak
rCorr   .            A - +1 pair of gloves
SInv    .            (no boots)
Will    .....        (no amulet)
Stlth   +            i - +5 ring of evasion
HPRegen 0.25/turn    (no ring)
MPRegen 0.10/turn

%: no passive effects
@: very slow
A: no striking features
a: Renounce Religion, Bend Time


You were on level 5 of the Dungeon.
You worshipped Cheibriados.
Cheibriados was aware of your devotion.
You visited 2 branches of the dungeon, and saw 6 of its levels.

You collected 164 gold pieces.

Inventory:

Hand Weapons
 a - a +1 long sword (weapon)
 g - a +1 dagger of draining
Armour
 b - a +0 scale mail
 c - a +0 buckler (worn)
 e - a +1 chain mail of cold resistance
 h - a +1 helmet (worn)
 n - a +0 cloak (worn)
 s - the +5 ring mail of Death's Door (worn) {Drain Str+2 Int-4 Dex+4}
   (You found it on level 3 of the Dungeon)

   Str+2:     It affects your strength (+2).
   Int-4:     It affects your intelligence (-4).
   Dex+4:     It affects your dexterity (+4).
   Drain:     It drains your maximum health when unequipped.
 A - a +1 pair of gloves (worn)
Magical Staves
 w - a staff of air
Jewellery
 i - a +5 ring of evasion (left hand)
Talismans
 v - a maw talisman
Scrolls
 f - a scroll of poison
 k - a scroll of noise
 o - a scroll of torment
Potions
 d - a potion of might
 j - 3 potions of brilliance
 l - a potion of enlightenment
 m - a potion of invisibility
 r - a potion of haste
 t - a potion of curing
 z - a potion of attraction


   Skills:
 + Level 3.5 Fighting
 * Level 4.4 Long Blades
 - Level 2.4 Armour
 + Level 2.0 Dodging
 - Level 2.4 Shields


You had 4 spell levels left.
You didn't know any spells.
Your spell library contained the following spells:

 Spells                   Type           Power      Damage    Failure   Level
 Animate Dead             Necr           0%         N/A       100%        4
 Borgnjor's Vile Clutch   Necr/Erth      0%         N/A       100%        5
 Death Channel            Necr           0%         N/A       100%        6
 Haunt                    Necr/Summ      0%         N/A       100%        7
 Infestation              Necr           0%         N/A       100%        8


Dungeon Overview and Level Annotations

Branches:
Dungeon (5/15)             Temple (1/1) D:4

Altars:
Cheibriados
Dithmenos
Elyvilon
Fedhas
Kikubaaqudgha
Okawaru
Uskayaw
Wu Jian
Xom
Yredelemnul
The Shining One

Annotations:
D:5 3 runed translucent doors, cowcow's ghost, amateur DsNe


Message History

You climb upwards.
Welcome back to the Dungeon!
There is a staircase to the Ecumenical Temple here.
Done exploring.
There is a stone staircase leading down here.
You climb downwards.
The kobold shouts! x2
Cowcow's ghost turns its malevolent gaze towards you.
The kobold shouts! x2; The ogre shouts!
Found 10 gold pieces.
There is a stone staircase leading up here.
You see here 10 gold pieces.
Okay, then.
Search for what [? for help]? dart Can't find anything matching that.
Unknown command.
Unknown command.
The kobold shouts!
You slash the ogre!
The ogre is moderately wounded.
The ogre hits you with a +0 giant club!!
Ouch! That really hurt!
The kobold brigand shouts!
You slash the ogre!
The ogre is severely wounded.
The ogre hits you with a +0 giant club.
* * * LOW HITPOINT WARNING * * *
You barely miss the ogre.
The ogre is severely wounded.
The ogre barely misses you.
You barely miss the ogre.
The ogre is severely wounded.
An adder comes into view.
You barely miss the ogre.
The ogre is severely wounded.
The ogre closely misses you.
You hit the ogre.
The ogre is severely wounded.
The ogre hits you with a +0 giant club!!
Ouch! That really hurt!
You die...

...............
###...........#
⌠.##.........
.#K#......S#
#.K+.......##
..K+...<...$#
#KK+........#
.#W#....O...#
⌠K##....@...#
###.......#.#
#........#.#
#####≈§.....
##≈§..##.
#≈§..# ..
#≈...# .#
#≈...#


You could see a kobold brigand, an ogre, cowcow's ghost, an adder and 5 kobolds.

Vanquished Creatures
  A scorpion (D:4)
  2 orc wizards
  A gnoll (D:4)
  3 adders
  4 worms
  2 dart slugs (D:1)
  6 orcs (D:4)
  6 ball pythons
  11 bats
  6 endoplasms
  8 goblins
  7 hobgoblins
  4 jackals (D:2)
  6 kobolds
  5 quokkas
  5 frilled lizards
  5 rats
82 creatures vanquished.

Notes
Turn   | Place    | Note
-------+----------+-------------------------------------------
     0 | D:1      | PurpleRed the Deep Elf Fighter began the quest for the Orb.
     0 | D:1      | Reached XP level 1. HP: 13/13 MP: 3/3
    70 | D:1      | Reached skill level 2 in Long Blades
   111 | D:1      | Reached XP level 2. HP: 13/18 MP: 4/4
   662 | D:1      | Reached XP level 3. HP: 22/22 MP: 5/5
   980 | D:1      | Found a faded altar of an unknown god.
  1083 | D:2      | Reached skill level 3 in Long Blades
  1543 | D:2      | Reached XP level 4. HP: 28/28 MP: 6/6
  2176 | D:3      | Found a snail-covered altar of Cheibriados.
  2241 | D:3      | Became a worshipper of Cheibriados the Contemplative
  2412 | D:3      | Identified the +5 ring mail of Death's Door {Drain Str+2
                  | Int-4 Dex+4}
  2946 | D:4      | Noticed a scorpion
  2953 | D:4      | Killed a scorpion
  2954 | D:4      | Reached skill level 4 in Long Blades
  2954 | D:4      | Reached skill level 1 in Dodging
  2954 | D:4      | Reached XP level 5. HP: 32/32 MP: 7/7
  3054 | D:4      | Found a blossoming altar of Fedhas.
  3056 | D:4      | Found an ancient bone altar of Kikubaaqudgha.
  3444 | D:4      | Reached * piety under Cheibriados
  3702 | D:4      | Found a staircase to the Ecumenical Temple.
  3711 | Temple   | Entered the Ecumenical Temple
  3747 | D:5      | Entered Level 5 of the Dungeon
  3747 | D:5      | Noticed cowcow's ghost (amateur DsNe)
  3747 | D:5      | Noticed an ogre
  3747 | D:5      | Found a runed translucent gate.
  3747 | D:5      | Found a runed translucent gate.
  3747 | D:5      | Found a runed translucent gate.
  3762 | D:5      | Mangled by an ogre

Illustrated notes

Levels and vault maps discovered:
D:1:      evilmike_arrival_hilbert_curve, layout_basic,
          shapermc_ecumenical_altar_hornbeckon
D:2:      layout_loops_corners
D:3:      layout_loops_cross, mainiacjoe_overflow_alcove_1, nicolae_the_louvre
D:4:      minmay_door_path, layout_loops_ring,
          grunt_temple_overflow_growth_and_decay, minmay_temple_entry_poolview
D:5:      layout_rooms, lightli_temple_of_fire, gammafunk_ghost_nasty_kobolds,
          grunt_decor_cap
Temple:   hellmonk_temple_flake

Skill      XL: |  1  2  3  4  5 |
---------------+----------------+-----
Long Blades    | 2 3 4 |  4.4
Fighting       | 3 |  3.5
Dodging        | 1 2 |  2.0
Armour         | |  2.4
Shields        | |  2.4

Action                     |  1- 3 |  4- 6 || total
---------------------------+-------+-------++-------
  Melee: Long sword        |   150 |   130 ||   280
    Use: Scroll            |       |    18 ||    18
 Armour: Scale mail        |   112 |    30 ||   142
         Ring mail         |       |    47 ||    47
  Dodge: Dodged            |    67 |    64 ||   131
  Block: Buckler           |    40 |    34 ||    74

Table legend: (Time is in decaauts)
 A = Elapsed time spent in this place.
 B = Non-inter-level travel time spent in this place.
 C = Inter-level travel time spent in this place.
 D = Time resting spent in this place.
 E = Time spent auto-exploring this place.
 F = Levels seen in this place.
 G = Mean time per level.
                   A        B        C        D        E       F      G
               +--------+--------+--------+--------+--------+-----+--------+
         Total |   4247 |   4072 |    175 |     49 |   3098 |   6 |  707.8 |
       Dungeon |   4245 |   4070 |    175 |     49 |   3098 |   5 |  849.0 |
        Temple |      1 |      1 |      0 |      0 |      0 |   1 |    1.0 |
               +--------+--------+--------+--------+--------+-----+--------+

Top non-repeatable levels by time:
     D:4: 1184 daAuts
     D:1: 1077 daAuts
     D:2: 1039 daAuts
     D:3: 926 daAuts
     D:5: 18 daAuts
  Temple: 1 daAuts
